 Dungeon Crawl Stone Soup version 0.29.1-12-g30fa7ad0bf (webtiles) character file.

Game seed: 4861176688960070923

58 WarchitectNL the Covered (level 3, 32/33 HPs)
             Began as a Minotaur Fighter on Jan 8, 2023.
             Quit the game on level 3 of the Dungeon on Jan 13, 2023.
             The game lasted 00:10:22 (821 turns).

WarchitectNL the Covered (Minotaur Fighter)          Turns: 821, Time: 00:10:22

Health: 32/33      AC: 12    Str: 22    XL:     3   Next: 75%
Magic:  2/2        EV:  6    Int:  5    God:
Gold:   61         SH:  4    Dex:  9    Spells: 2/2 levels left

rFire   . . .      SeeInvis .   a - +0 war axe
rCold   . . .      Faith    .   c - +0 buckler
rNeg    . . .      Spirit   .   j - +0 plate armour
rPois   .          Reflect  .   (helmet restricted)
rElec   .          Harm     .   (no cloak)
rCorr   .          Rampage  .   (no gloves)
Will    .....                   (no boots)
Stlth   ..........              (no amulet)
HPRegen 0.11/turn               (no ring)
MPRegen 0.08/turn               (no ring)

@: no status effects
A: horns 2, retaliatory headbutt
a: no special abilities


You were on level 3 of the Dungeon.
You visited 1 branch of the dungeon, and saw 3 of its levels.

You collected 61 gold pieces.

Inventory:

Hand Weapons
 a - a +0 war axe (weapon)
Armour
 b - a +0 scale mail
 c - a +0 buckler (worn)
 h - a +0 ring mail
 j - a +0 plate armour (worn)
Scrolls
 e - a scroll of amnesia {unknown}
 f - 3 scrolls of magic mapping {unknown}
 g - a scroll of enchant armour {unknown}
 k - 2 scrolls of blinking {unknown}
 l - a scroll of enchant weapon {unknown}
 o - a scroll of teleportation {unknown}
Potions
 d - a potion of might
 i - a potion of heal wounds {unknown}
 m - a potion of curing {unknown}
 n - a potion of haste {unknown}


   Skills:
 + Level 4.3 Fighting
 + Level 3.2 Axes
 + Level 4.4 Armour
 + Level 4.1 Shields


You had 2 spell levels left.
You didn't know any spells.
Your spell library was empty.

Dungeon Overview and Level Annotations

Branches:
Dungeon (3/15)

Altars:


Innate Abilities, Weirdness & Mutations

You have a pair of horns on your head.
You reflexively headbutt those who attack you in melee.


Message History

a +0 dagger; a goblin corpse
Things that are here:
a +0 club; a goblin corpse
k - 2 scrolls labelled XOUPUU JUET (gained 1)
You see here 7 stones.
Found a ring mail.
An adder comes into view.
Found a hand axe.
The adder hisses angrily.
You see here a +0 ring mail.
You closely miss the adder. Your headbutt misses the adder.
The adder bites you but does no damage. You block the adder's attack.
You hit the adder but do no damage. The adder closely misses you.
You block the adder's attack.
You slash the adder!
The adder is almost dead.
The adder barely misses you. The adder bites you but does no damage.
You closely miss the adder. Your headbutt misses the adder.
The adder is almost dead.
The adder barely misses you.
You slash the adder!
You kill the adder!
You see here an adder corpse.
You see here a +0 hand axe.
Found 9 gold pieces.
Found a scroll labelled NAREHO KIFFOMN.
You now have 61 gold pieces (gained 9).
o - a scroll labelled NAREHO KIFFOMN A hobgoblin comes into view.
The hobgoblin shouts!
You barely miss the hobgoblin. Your headbutt misses the hobgoblin.
The hobgoblin hits you.
The hobgoblin hits you but does no damage.
You slash the hobgoblin!
You kill the hobgoblin!
Welcome back, WarchitectNL the Minotaur Fighter.
Press ? for a list of commands and other information.
Unknown command.
Unknown command.
Are you sure you want to abandon this character and quit the game? (Confirm with "yes".)

########.#########
#........#
#.######## #.# #.#
#.# #####.#
#.....####
#....@†..#
#........#
#........#
#........#
#..........
#####....###
#..### ...#


There were no monsters in sight!

Vanquished Creatures
  2 adders
  A dart slug (D:1)
  5 bats
  2 endoplasms (D:1)
  A giant cockroach (D:1)
  6 goblins
  4 hobgoblins
  4 kobolds
  A quokka (D:1)
  4 ball pythons
  3 frilled lizards
  2 rats (D:1)
35 creatures vanquished.

Vanquished Creatures (others)
  2 fungi (D:1)
  7 plants
9 creatures vanquished.

Grand Total: 44 creatures vanquished

Notes
Turn   | Place    | Note
-------+----------+-------------------------------------------
     0 | D:1      | WarchitectNL the Minotaur Fighter began the quest for the
                  | Orb.
     0 | D:1      | Reached XP level 1. HP: 19/19 MP: 0/0
   178 | D:1      | Reached XP level 2. HP: 24/27 MP: 1/1
   308 | D:1      | Found a faded altar of an unknown god.
   673 | D:2      | Reached XP level 3. HP: 20/33 MP: 2/2
   821 | D:3      | Quit the game

Illustrated notes

Levels and vault maps discovered:
D:1:      tarquinn_simple_flora_water_d, layout_basic,
          dreamdust_ecumenical_altar_hidden_monk_grotto
D:2:      layout_basic, serial_bayou, serial_bayou_shore_b,
          serial_bayou_shore_a, serial_bayou_shore_b, serial_bayou_pond_e,
          serial_bayou_pond_e, serial_bayou_pond_d, nicolae_underground_beach,
          uniq_sigmund, uniq_terence, uniq_natasha
D:3:      layout_basic, uniq_crazy_yiuf_cottage

Skill      XL: |  1  2  3 |
---------------+----------+-----
Fighting       | 4 |  4.3
Armour         | 4 |  4.4
Shields        | 4 |  4.1
Axes           | 3 |  3.2

Action                   || total
-------------------------++-------
Melee: War axe           ||    95
       Headbutt          ||    16
Armor: Scale mail        ||     4
       Plate armour      ||    50
Dodge: Dodged            ||    26
Block: Buckler           ||    23
